 Dungeon Crawl Stone Soup version 0.29-a0-529-gfa20dd96a1 (webtiles) character file.

Game seed: 13532208341480954466

43843 Crownlay the Severer (level 14, -7/132 HPs)
             Began as a Hill Orc Fighter on June 1, 2022.
             Was the Champion of Okawaru.
             Mangled by a wolf spider (25 damage)
             ... on level 6 of the Lair of Beasts.
             The game lasted 00:27:19 (17693 turns).

Crownlay the Severer (Hill Orc Fighter)            Turns: 17693, Time: 00:27:19

Health: -7/132     AC:  0    Str: 24    XL:     14   Next: 26%
Magic:  25/25      EV: 13    Int:  8    God:    Okawaru [******]
Gold:   1218       SH:  0    Dex: 10    Spells: 13/13 levels left

rFire   . . .      SeeInvis .   (weapon currently unavailable)
rCold   . . .      Faith    .   (shield currently unavailable)
rNeg    . . .      Spirit   .   (body armour currently unavailable)
rPois   .          Reflect  .   (helmet currently unavailable)
rElec   .          Harm     .   (cloak currently unavailable)
rCorr   .          Rampage  .   (gloves currently unavailable)
Will    +....                   (boots currently unavailable)
Stlth   +.........              d - amulet of regeneration
HPRegen 1.12/turn               (ring currently unavailable)
MPRegen 0.19/turn               (ring currently unavailable)

@: lethally poisoned (-7 -> -20), about to teleport, pig-form (expiring), very
quick
A: fast, no casting, small
a: Renounce Religion, Heroism, Finesse, Duel


You were on level 6 of the Lair of Beasts.
You worshipped Okawaru.
Okawaru was exalted by your worship.
You were a filthy swine.
You visited 2 branches of the dungeon, and saw 18 of its levels.

You collected 1218 gold pieces.

Inventory:

Hand Weapons
 O - a +3 executioner's axe of flaming (melded)
Missiles
 h - 2 curare-tipped darts
 w - 19 poisoned darts (quivered)
 Q - 4 silver javelins
Armour
 i - the +8 ring mail of the Lich-sworn (melded) {rF+ rCorr Dex-5}
   (You found it on level 2 of the Dungeon)

   Dex:       It affects your dexterity (-5).
   rF:        It protects you from fire.
   rCorr:     It protects you from acid and corrosion.
 A - a +0 cloak (melded)
 B - a +0 pair of gloves (melded)
 E - a +0 pair of boots (melded)
 T - the +1 hat of the Tormentor (melded) {+Inv rN+ Stlth-}
   (Okawaru gifted it to you on level 6 of the Lair of Beasts)

   rN:        It protects you from negative energy.
   +Inv:      It lets you turn invisible.
   Stlth:     It makes you less stealthy.
Jewellery
 d - an amulet of regeneration (around neck)
 C - a ring of poison resistance (melded)
 F - a +6 ring of strength (melded)
 G - a +6 ring of intelligence
 I - a ring of ice
 R - a +4 ring of protection
 S - an amulet of guardian spirit
Wands
 D - a wand of digging (6)
 J - a wand of flame (3)
 K - a wand of polymorph (8)
 L - a wand of iceblast (10)
Scrolls
 b - 6 scrolls of fog
 f - a scroll of immolation
 l - 10 scrolls of teleportation
 m - 4 scrolls of silence
 n - a scroll of fear
 p - a scroll of magic mapping {unknown}
 q - 2 scrolls of enchant armour
 r - 2 scrolls of brand weapon
 y - a scroll of poison
 P - a scroll of enchant weapon {unknown}
Potions
 c - a potion of cancellation {unknown}
 e - 2 potions of heal wounds
 g - a potion of degeneration {unknown}
 k - 4 potions of mutation {unknown}
 o - 2 potions of attraction {unknown}
 s - 4 potions of might
 t - a potion of berserk rage {unknown}
 u - a potion of resistance {unknown}
 v - 9 potions of curing
 x - 2 potions of flight
 z - 3 potions of lignification {unknown}
 M - 3 potions of invisibility {unknown}
 N - 3 potions of brilliance {unknown}


   Skills:
 * Level 14.3 Fighting
 - Level 16.0 Axes
 + Level 3.1 Throwing
 + Level 9.3 Armour
 - Level 11.7 Shields
 * Level 15.2 Invocations


You had 13 spell levels left.
You didn't know any spells.
Your spell library contained the following spells:

 Spells                   Type           Power      Damage    Failure   Level
 Sandblast                Erth           0%         2d4       41%         1
 Ensorcelled Hibernation  Hex/Ice        0%         N/A       54%         2
 Passwall                 Tmut/Erth      0%         N/A       54%         2
 Sublimation of Blood     Necr           0%         N/A       54%         2
 Wereblood                Tmut           0%         N/A       54%         2
 Gell's Gravitas          Tloc           0%         N/A       78%         3
 Lesser Beckoning         Tloc           0%         N/A       78%         3
 Swiftness                Air            0%         N/A       78%         3
 Teleport Other           Tloc           0%         N/A       78%         3
 Passage of Golubria      Tloc           0%         N/A       99%         4
 Fireball                 Conj/Fire      0%         3d3       100%        5
 Iskenderun's Battlesphe  Conj           0%         2d6       100%        5
 Yara's Violent Unravell  Hex/Tmut       0%         3d3       100%        5
 Conjure Ball Lightning   Conj/Air       0%         3x3d6     100%        6
 Eringya's Noxious Bog    Tmut/Pois      0%         N/A       100%        6
 Orb of Destruction       Conj           0%         9d5       100%        7
 Shatter                  Erth           0%         3d5*      100%        9
 Tukima's Dance           Hex            Unusable   N/A       N/A         3
 Animate Armour           Summ/Erth      Unusable   N/A       N/A         4
 Animate Dead             Necr           Unusable   N/A       N/A         4
 Summon Forest            Summ/Tloc      Unusable   N/A       N/A         5
 Summon Hydra             Summ           Unusable   N/A       N/A         7

Dungeon Overview and Level Annotations

Branches:
Dungeon (12/15)            Temple (0/1) D:7            Lair (6/6) D:8
 Shoals (0/4) Lair:3        Snake (0/4) Lair:2        Slime (0/5) Lair:5
    Orc: D:9-12

Altars:
Ashenzari
Cheibriados
Elyvilon
Fedhas
Nemelex Xobeh
Okawaru
Ru
Uskayaw
Vehumet
Wu Jian
Xom
Zin
Jiyva

Shops:
D:5 =

Annotations:
Lair:6 Kirke


Message History

The wolf spider barely misses you. The wolf spider bites you.
You are poisoned.
The wolf spider poisons you!
You hit the wolf spider but do no damage.
The wolf spider is lightly wounded.
You feel very sick. The wolf spider hits you! The wolf spider misses you.
You hit the wolf spider.
The wolf spider is moderately wounded.
You feel very sick. The wolf spider closely misses you. x2
You hit the wolf spider but do no damage.
The wolf spider is moderately wounded.
You feel very sick. The wolf spider hits you!! The wolf spider bites you!
* * * LOW HITPOINT WARNING * * *
You are more poisoned.
The wolf spider poisons you!
Okay, then.
Blink to where?
Press: ? - help, Dir - move target
As you read the scroll of blinking, it crumbles to dust.
* * * LOW HITPOINT WARNING * * *
You feel extremely sick.
You feel better.
As you read the scroll of teleportation, it crumbles to dust.
You feel strangely unstable.
Your transformation is almost over.
Something tries to affect you, but you resist.
The hog squeals angrily.
You feel a momentary urge to oink. The wolf spider hits you!
* * * LOW HITPOINT WARNING * * *
The wolf spider bites you!
* * * LOW HITPOINT WARNING * * *
You are poisoned.
The wolf spider poisons you!
The wolf spider attacks as you move away!
The wolf spider hits you!!
You die...

#.............##P......
#........<.....##..P.#.
###...........###......
#...†.......# .......
#########...........# .......
#....#.##............. ...###
#......####...........
##....P##.###.....#..#
#.........#.h##.....P#
##.........s###.....#
##..........##....#.#
#.P...............###
#..P.............#.#
###...........††.h..# ###
#.#.................####..##
##..............h#.........###
###...........#.#...........#


You could see a wolf spider.

Vanquished Creatures
  Josephine (Lair:4)
  2 hydras (Lair:3)
  2 boulder beetles (D:11)
  A two-headed ogre (D:11)
  2 death yaks (Lair:2)
  A hell knight (D:10)
  A lindwurm (Lair:5)
  A necromancer (D:10)
  An ugly thing (D:10)
  8 elephants
  2 black mambas
  22 cane toads
  A torpor snail (Lair:2)
  A guardian serpent (Lair:6)
  Joseph (D:8)
  An unseen horror (D:10)
  2 kobold demonologists (D:11)
  2 rime drakes
  13 komodo dragons
  2 polar bears
  5 blink frogs (Lair:4)
  2 shadows
  5 wyverns
  4 wraiths (Lair:4)
  65 yaks
  An unseen horror simulacrum (D:10)
  A redback (Lair:6)
  5 basilisks
  2 nagas (Lair:2)
  21 water moccasins
  4 hell hounds (D:10)
  4 orc warriors
  4 ice beasts (D:10)
  2 sky beasts
  3 black bears
  5 centaurs
  10 wolves
  A phantom (D:5)
  4 kobold brigands
  11 bullfrogs
  2 scorpions
  4 wights (D:8)
  20 killer bees
  5 howler monkeys
  3 electric eels
  A hound (D:4)
  3 jellies (D:6)
  8 orc priests
  3 gnoll shamans
  8 iguanas
  13 orc wizards
  4 hell rats (Lair:2)
  A centaur simulacrum (D:10)
  14 gnolls
  6 adders
  A shadow imp (D:8)
  A white imp (D:10)
  2 ufetubi
  3 worms
  39 orcs
  9 ball pythons
  7 bats
  2 endoplasms
  3 giant cockroaches
  11 goblins
  7 hobgoblins
  3 quokkas
  5 frilled lizards
  16 kobolds
  6 rats
436 creatures vanquished.

Vanquished Creatures (others)
  53 fungi
  49 plants
102 creatures vanquished.

Grand Total: 538 creatures vanquished

Notes
Turn   | Place    | Note
-------+----------+-------------------------------------------
     0 | D:1      | Crownlay the Hill Orc Fighter began the quest for the Orb.
     0 | D:1      | Reached XP level 1. HP: 19/19 MP: 1/1
    65 | D:1      | Reached skill level 3 in Axes
   182 | D:1      | Reached XP level 2. HP: 26/26 MP: 2/2
   348 | D:1      | Reached skill level 4 in Axes
   418 | D:1      | Found a faded altar of an unknown god.
  1355 | D:2      | Identified the +8 ring mail of the Lich-sworn {rF+ rCorr
                  | Dex-5}
  1370 | D:2      | Reached XP level 3. HP: 31/31 MP: 3/3
  1526 | D:2      | Reached skill level 5 in Axes
  2049 | D:2      | Reached XP level 4. HP: 31/39 MP: 4/4
  2788 | D:3      | Noticed a scorpion
  2792 | D:3      | Killed a scorpion
  2793 | D:3      | Reached skill level 6 in Axes
  2793 | D:3      | Reached XP level 5. HP: 36/45 MP: 5/5
  3754 | D:4      | Reached XP level 6. HP: 37/51 MP: 6/6
  3976 | D:4      | Reached skill level 7 in Axes
  4064 | D:4      | Found an iron altar of Okawaru.
  4089 | D:4      | Became a worshipper of Warmaster Okawaru
  4181 | D:5      | Entered Level 5 of the Dungeon
  4247 | D:5      | Reached skill level 1 in Invocations
  4286 | D:5      | Reached XP level 7. HP: 44/57 MP: 6/8
  4508 | D:5      | Reached skill level 8 in Axes
  4522 | D:5      | Found Zes Toerr's Jewellery Shoppe.
  4627 | D:5      | Found a shimmering altar of Xom.
  4627 | D:5      | Found a shimmering altar of Xom.
  4628 | D:5      | Found a shimmering altar of Xom.
  4629 | D:5      | Found a shimmering altar of Xom.
  4630 | D:5      | Found a shimmering altar of Xom.
  4631 | D:5      | Found a shimmering altar of Xom.
  4757 | D:5      | Reached skill level 5 in Shields
  4943 | D:5      | Reached skill level 5 in Armour
  4956 | D:5      | Reached * piety under Okawaru
  5234 | D:6      | Found a blossoming altar of Fedhas.
  5264 | D:6      | Found a sparkling altar of Nemelex Xobeh.
  5272 | D:6      | Reached XP level 8. HP: 27/64 MP: 10/10
  5542 | D:6      | Reached skill level 9 in Axes
  5920 | D:6      | Reached ** piety under Okawaru
  5983 | D:6      | Found a glowing silver altar of Zin.
  6075 | D:6      | Found a white marble altar of Elyvilon.
  6294 | D:6      | Found a radiant altar of Vehumet.
  6420 | D:6      | Reached skill level 10 in Axes
  6446 | D:6      | Reached skill level 5 in Invocations
  6604 | D:7      | Found a broken altar of Ashenzari.
  6636 | D:7      | Found an ornate altar of the Wu Jian Council.
  6837 | D:7      | Reached XP level 9. HP: 67/70 MP: 10/12
  7058 | D:7      | Reached skill level 11 in Axes
  7087 | D:7      | Found a staircase to the Ecumenical Temple.
  7691 | D:8      | Found a staircase to the Lair.
  7702 | D:8      | Noticed Joseph
  7726 | D:8      | Killed Joseph
  7726 | D:8      | Reached *** piety under Okawaru
  7808 | D:8      | Reached skill level 12 in Axes
  7826 | D:8      | Found a snail-covered altar of Cheibriados.
  8366 | D:8      | Found a hide-covered altar of Uskayaw.
  8465 | D:9      | Reached XP level 10. HP: 70/77 MP: 15/15
  8650 | D:9      | Reached skill level 13 in Axes
  8722 | D:9      | Reached **** piety under Okawaru
  9494 | D:10     | Entered Level 10 of the Dungeon
  9562 | D:10     | Reached skill level 14 in Axes
  9611 | D:10     | Reached ***** piety under Okawaru
  9854 | D:10     | Reached skill level 15 in Axes
  9854 | D:10     | Reached XP level 11. HP: 53/82 MP: 18/18
  9929 | D:10     | Found a sacrificial altar of Ru.
 10318 | D:10     | Noticed a hell knight
 10321 | D:10     | Noticed a hell knight
 10346 | D:10     | Killed a hell knight
 10346 | D:10     | Received a gift from Okawaru
 10347 | D:10     | Reached skill level 10 in Invocations
 10408 | D:10     | Noticed a necromancer
 10408 | D:10     | Noticed a hell knight
 10410 | D:10     | Noticed a hell knight
 10414 | D:10     | Killed a necromancer
 10415 | D:10     | Noticed a hell knight
 10416 | D:10     | Noticed a hell knight
 10435 | D:10     | Noticed a necromancer
 10437 | D:10     | HP: 3/82 [hell hound/blast of flame (3)]
 10764 | D:11     | Noticed a two-headed ogre
 10776 | D:11     | Killed a two-headed ogre
 10777 | D:11     | Reached skill level 16 in Axes
 10777 | D:11     | Reached skill level 10 in Shields
 10815 | D:11     | Noticed a purple ugly thing
 10835 | D:10     | Killed a purple ugly thing
 10898 | D:11     | Reached skill level 5 in Fighting
 11015 | D:11     | Noticed a boulder beetle
 11039 | D:11     | Killed a boulder beetle
 11273 | D:11     | Identified the +1 leather armour of Awe {Int+3}
 11349 | D:11     | Noticed a boulder beetle
 11366 | D:11     | Killed a boulder beetle
 11768 | Lair:1   | Entered Level 1 of the Lair of Beasts
 11806 | Lair:1   | Reached XP level 12. HP: 70/101 MP: 20/20
 11971 | Lair:1   | Received a gift from Okawaru
 12785 | Lair:1   | Reached skill level 10 in Fighting
 12862 | Lair:1   | Received a gift from Okawaru
 13305 | Lair:2   | Found a staircase to the Snake Pit.
 13535 | Lair:2   | Found a sparkling altar of Nemelex Xobeh.
 13620 | Lair:2   | Noticed a death yak
 13630 | Lair:2   | Killed a death yak
 13630 | Lair:2   | Identified the +0 robe of Optimism {Will+ Str+3} (Okawaru
                  | gifted it to you on level 2 of the Lair of Beasts)
 13630 | Lair:2   | Received a gift from Okawaru
 13632 | Lair:2   | Noticed a death yak
 13640 | Lair:2   | Killed a death yak
 13641 | Lair:2   | Reached XP level 13. HP: 93/116 MP: 22/22
 14196 | Lair:3   | Found a staircase to the Shoals.
 14629 | Lair:3   | Got the Handbook of Unholy Rituals and the Mountains
 14887 | Lair:3   | Reached ****** piety under Okawaru
 15596 | Lair:4   | Noticed Josephine
 15603 | Lair:4   | Killed Josephine
 15603 | Lair:4   | Received a gift from Okawaru
 15944 | Lair:4   | Reached skill level 1 in Throwing
 16636 | Lair:5   | Found a staircase to the Slime Pits.
 16636 | Lair:5   | Found a viscous altar of Jiyva.
 16692 | Lair:5   | Received a gift from Okawaru
 17079 | Lair:6   | Entered Level 6 of the Lair of Beasts
 17235 | Lair:6   | Reached XP level 14. HP: 129/130 MP: 24/24
 17463 | Lair:6   | Reached skill level 15 in Invocations
 17481 | Lair:6   | Identified the +1 hat of the Tormentor {+Inv rN+ Stlth-}
                  | (Okawaru gifted it to you on level 6 of the Lair of Beasts)
 17481 | Lair:6   | Received a gift from Okawaru
 17649 | Lair:6   | Noticed Kirke
 17693 | Lair:6   | Mangled by a wolf spider

Illustrated notes

Levels and vault maps discovered:
D:1:      saegor_arrival_fortress, layout_basic,
          ebering_ecumenical_altar_sacrificial
D:2:      layout_loops_ring
D:3:      minmay_chambers_of_threes, layout_basic
D:4:      layout_basic, okawaru_altar_gauntlet_db, corexii_leaking_fountain
D:5:      layout_basic, xom_redecorated, serial_shops,
          nicolae_shop_behind_doors, glass_columns_c
D:6:      layout_gridville, mainiacjoe_overflow_paths,
          nicolae_overflow_quartered_altars, st_stairs_11
D:7:      layout_basic, nicolae_wu_jian_immortal_techniques,
          cheibrodos_ashenzari_chains, minmay_temple_entry_stoned_glass,
          nicolae_zen_rock_garden
D:8:      layout_cave_pods, nicolae_uskayaw_dance_hall,
          mainiacjoe_overflow_catwalk, dpeg_oklobed_lair, st_stairs_14,
          serial_bayou_lagoon_a, uniq_joseph
D:9:      layout_stronghold
D:10:     layout_stronghold, amcnicky_altar_gilded, serial_ice, serial_ice_b,
          serial_ice_a, serial_ice_l, serial_ice_e, minmay_rotating_lava
D:11:     layout_cave_pools
D:12:     layout_layer_cave, orc_0_dummy, nicolae_trove_entry_isolated
Lair:1:   beast_lair_carwin_large_3, layout_small_grid
Lair:2:   layout_regular_city, guppyfry_snake_entry_island, basic_altar
Lair:3:   layout_cave_pods, shoals_dummy_entry, grunt_megastairs_4
Lair:4:   layout_regular_city, grunt_megastairs_5, uniq_josephine
Lair:5:   layout_gridlike, slime_altar_1, st_stairs_12
Lair:6:   hangedman_lair_tendril_chambers, layout_cave_pods, uniq_kirke

Skill      XL: |  1  2  3  4  5  6  7  8  9 10 11 12 13 14 |
---------------+-------------------------------------------+-----
Axes           | 3 4 5 6 7 8 10 12 15 16 | 16.0
Shields        | 4 5 6 7 9 10 11 | 11.7
Armour         | 4 5 6 7 8 9 |  9.3
Invocations    | 1 3 5 7 9 11 13 14 15 | 15.2
Fighting       | 7 11 13 14 | 14.3
Throwing       | 2 3 |  3.1

Action                   |  1- 3 |  4- 6 |  7- 9 | 10-12 | 13-15 || total
-------------------------+-------+-------+-------+-------+-------++-------
Melee: War axe           |    98 |   180 |   443 |   514 |       ||  1235
       Executioner's axe |       |       |       |    55 |   319 ||   374
       Unarmed           |       |       |       |       |     5 ||     5
Throw: Dart              |       |    23 |     1 |    13 |       ||    37
       Throwing net      |       |       |     3 |     4 |       ||     7
Invok: Heroism           |       |       |     4 |    10 |     4 ||    18
       Finesse           |       |       |       |     1 |       ||     1
Evoke: Wand              |       |       |       |     9 |       ||     9
  Use: Potion            |       |     2 |     4 |     6 |     1 ||    13
       Scroll            |       |     4 |     2 |     6 |     5 ||    17
Armor: Scale mail        |    34 |       |       |       |       ||    34
       Ring mail         |    15 |    89 |   349 |   306 |   211 ||   970
Dodge: Dodged            |    50 |    98 |   218 |   237 |   185 ||   788
Block: Buckler           |    15 |    35 |    88 |   108 |       ||   246

Table legend: (Time is in decaauts)
 A = Elapsed time spent in this place.
 B = Non-inter-level travel time spent in this place.
 C = Inter-level travel time spent in this place.
 D = Time resting spent in this place.
 E = Time spent auto-exploring this place.
 F = Levels seen in this place.
 G = Mean time per level.
                   A        B        C        D        E       F      G
               +--------+--------+--------+--------+--------+-----+--------+
         Total |  17693 |  16882 |    811 |    164 |  13510 |  18 |  982.9 |
       Dungeon |  12049 |  11412 |    637 |    137 |   9073 |  12 | 1004.1 |
          Lair |   5644 |   5470 |    174 |     27 |   4436 |   6 |  940.7 |
               +--------+--------+--------+--------+--------+-----+--------+

Top non-repeatable levels by time:
    D:10: 1460 daAuts
     D:6: 1317 daAuts
     D:8: 1261 daAuts
     D:1: 1206 daAuts
     D:9: 1141 daAuts
  Lair:3: 1130 daAuts
     D:3: 1103 daAuts
  Lair:1: 1082 daAuts
     D:5: 1068 daAuts
  Lair:2: 1037 daAuts
  Lair:4: 993 daAuts
     D:4: 980 daAuts
     D:2: 953 daAuts
     D:7: 828 daAuts
  Lair:5: 785 daAuts
